Match 25740894
Unlisted

Match 25740894
End
Selects Armored Battlegroup
Construct Barracks
Engineer Squad
Selects Assault Engineers
Riflemen Squad
Riflemen Squad
Infantry Support Center
Riflemen Squad
M1918 Browning Automatic Rifles
Munitions Surplus
Construct Medical Station
Selects Field Repairs
Grenade Package
Construct Motor Pool
Selects War Machine
M24 Chaffee Light Tank
M24 Chaffee Light Tank
Field Repairs
Advanced Logistics
Captain Retinue
Assault Engineer Squad
Selects Strength in Steel
Assault Engineer Squad
Riflemen Squad
Selects M8 Scott SPG
Selects UNKNOWN (2160077)
Riflemen Squad
Construct Tank Depot
M4A3E8 Sherman Easy Eight
.30 cal Machine Gun
M4A3E8 Sherman Easy Eight
Construct Weapon Support Center
.30 cal Machine Gun
M4A3E8 Sherman Easy Eight
Riflemen Squad
Gordon Tucker
Marvin Ghost
TidaL
Dr. Chud M.D.
Chorpy
RunSoFast
0
0

Comments sign in to comment!

No comments posted yet!